 Dungeon Crawl Stone Soup version 0.26.0-5-gb5863c6483 (webtiles) character file.

Game seed: 6932347763647153290

1239 Destapler the Skirmisher (level 8, -5/69 (70) HPs)
             Began as a Minotaur Monk on Jan 11, 2021.
             Was an Elder of Dithmenos.
             Slain by a two-headed ogre
             ... wielding a +0 giant spiked club
              (16 damage)
             ... on level 6 of the Dungeon.
             The game lasted 00:09:18 (4809 turns).

Destapler the Skirmisher (Minotaur Monk)            Turns: 4809, Time: 00:09:18

HP:   -5/69 (70)    AC:  9    Str: 16    XL:     8   Next: 25%
MP:   8/8           EV: 15    Int:  7    God:    Dithmenos [****..]
Gold: 397           SH:  0    Dex: 21    Spells: 7/7 levels left

rFire    . . .     SeeInvis .   F - +4 mace
rCold    . . .     Faith    +   (no shield)
rNeg     . . .     Spirit   .   u - +0 ring mail
rPois    .         Reflect  .   (helmet restricted)
rElec    .         Harm     .   s - +0 cloak
rCorr    .         Rampage  .   (no gloves)
Will     .....                  c - +2 pair of boots {Fly}
Stlth    +++.......             z - amulet of faith (curse)
HPRegen  0.21/turn              (no ring)
MPRegen  0.11/turn              d - +6 ring of dexterity

@: attractive, flying, hasted, wreathed by umbra, lightly drained, very quick
A: retaliatory headbutt, horns 2
a: Stop Flying, Renounce Religion, Shadow Step


You were on level 6 of the Dungeon.
You worshipped Dithmenos.
Dithmenos was greatly pleased with you.
You visited 1 branch of the dungeon, and saw 6 of its levels.

You collected 397 gold pieces.

Inventory:

Hand Weapons
 a - a +0 vampiric whip
 F - a +4 mace (weapon)
Missiles
 y - 8 poisoned darts
 E - 5 atropa-tipped darts
Armour
 c - a +2 pair of boots of flying (worn)
 s - a +0 cloak (worn)
 u - a +0 ring mail (worn)
 A - the +3 leather armour of Narcissism {Int+3 Stlth+, unknown}
   (You found it on level 5 of the Dungeon)

   It affects your intelligence (+3).
   It makes you more stealthy.
 D - a +3 leather armour
Jewellery
 d - a +6 ring of dexterity (right hand)
 i - an uncursed ring of ice
 r - an uncursed amulet of reflection
 z - a cursed amulet of faith (around neck)
Scrolls
 b - a scroll of noise {unknown}
 g - 2 scrolls of enchant armour
 j - a scroll of amnesia
 k - 4 scrolls of remove curse
 l - 4 scrolls of immolation {unknown}
 m - 5 scrolls of teleportation
 t - 2 scrolls of fear {unknown}
 v - 2 scrolls of fog {unknown}
 w - 5 scrolls of identify {unknown}
 C - a scroll of enchant weapon {unknown}
Potions
 e - 2 potions of attraction
 f - 4 potions of curing
 h - 2 potions of resistance {unknown}
 n - 2 potions of heal wounds {unknown}
 o - 2 potions of mutation {unknown}
 p - 3 potions of haste
 q - 2 potions of might {unknown}
 x - a potion of lignification {unknown}
 B - a potion of flight {unknown}


   Skills:
 + Level 6.1 Fighting
 - Level 3.6 Long Blades
 * Level 5.8 Maces & Flails
 + Level 2.8 Armour
 + Level 5.5 Dodging
 - Level 4.0 Stealth
 + Level 2.4 Invocations
 + Level 2.1 Evocations


You had 7 spell levels left.
You didn't know any spells.
Your spell library contained the following spells:

 Spells                   Type           Power        Failure   Level
 Animate Skeleton         Necr           0%           65%         1
 Apportation              Tloc           0%           65%         1
 Corona                   Hex            0%           65%         1
 Summon Small Mammal      Summ           0%           65%         1
 Ensorcelled Hibernation  Hex/Ice        0%           78%         2
 Confusing Touch          Hex            0%           95%         3
 Dazzling Flash           Conj/Hex       0%           95%         3
 Tukima's Dance           Hex            0%           95%         3


Dungeon Overview and Level Annotations

Branches:
Dungeon (6/15)             Temple (0/1) D:4

Altars:
Dithmenos
Wu Jian


Innate Abilities, Weirdness & Mutations

You reflexively headbutt those who attack you in melee.
You have a pair of horns on your head.


Message History

It was a potion of attraction.
You feel attractive to monsters.
The two-headed ogre hits you with a +0 giant spiked club!!
* * * LOW HITPOINT WARNING * * *
The two-headed ogre hits you with a +0 giant club.
* * * LOW HITPOINT WARNING * * *
It was a potion of haste.
You feel yourself speed up.
Things that are here:
a cursed +4 scimitar; a +0 robe The two-headed ogre is pulled toward you!
The two-headed ogre is pulled toward you!
The two-headed ogre is pulled toward you!
You barely miss the two-headed ogre. You headbutt the two-headed ogre.
The two-headed ogre is lightly wounded.
You hit the two-headed ogre.
You headbutt the two-headed ogre, but do no damage.
The two-headed ogre is lightly wounded.
The two-headed ogre misses you.
The two-headed ogre hits you with a +0 giant club!
You die...

#.# #............... #.#
#.....#...##....
#.####.....#...##....
#.#........#...##....
#.#........##.###....
#.#...........# #....
#.#...........# #....
#####.#...........###....
#<....#.@O...............
########................#
#........#.......#
#.................
##.................
#..........)[†.....
#...........)).....
#.................#
#..................


You could see a two-headed ogre.

Vanquished Creatures
  Sigmund (D:2)
  A sky beast (D:5)
  An ogre (D:5)
  2 bullfrogs (D:6)
  3 scorpions
  4 wights (D:6)
  A bullfrog zombie (D:2)
  An orc priest (D:4)
  An orc wizard (D:3)
  A centaur skeleton (D:4)
  A jelly (D:6)
  An iguana (D:6)
  4 worker ants
  A worker ant zombie (D:5)
  9 adders
  A white imp (D:5)
  An ooze (D:3)
  An adder zombie (D:5)
  A worm (D:4)
  A leopard gecko (D:1)
  20 orcs
  A ball python (D:3)
  3 giant cockroaches
  6 goblins
  7 hobgoblins
  9 jackals
  4 quokkas
  6 bats
  A frilled lizard (D:1)
  4 kobolds (D:1)
  A leopard gecko skeleton (D:5)
  A quokka skeleton (D:6)
  10 rats
110 creatures vanquished.

Notes
Turn   | Place    | Note
-------+----------+-------------------------------------------
     0 | D:1      | Destapler the Minotaur Monk began the quest for the Orb.
     0 | D:1      | Reached XP level 1. HP: 19/19 MP: 0/0
   254 | D:1      | Reached XP level 2. HP: 27/27 MP: 1/1
   428 | D:1      | Reached skill level 1 in Maces & Flails
   642 | D:1      | Reached skill level 4 in Fighting
   770 | D:2      | Reached XP level 3. HP: 27/33 MP: 2/2
   938 | D:2      | Found an ornate altar of the Wu Jian Council.
  1085 | D:2      | Found a faded altar of an unknown god.
  1236 | D:2      | Became a worshipper of Dithmenos the Shadowed
  1236 | D:2      | Reached * piety under Dithmenos
  1236 | D:2      | Reached ** piety under Dithmenos
  1291 | D:2      | Noticed Sigmund
  1311 | D:2      | Killed Sigmund
  1312 | D:2      | Reached skill level 5 in Fighting
  1312 | D:2      | Reached XP level 4. HP: 31/42 MP: 3/3
  1312 | D:2      | Reached XP level 5. HP: 36/48 MP: 4/4
  1656 | D:3      | Reached *** piety under Dithmenos
  1688 | D:3      | Reached XP level 6. HP: 56/56 MP: 5/5
  2531 | D:4      | Found a staircase to the Ecumenical Temple.
  2804 | D:4      | Reached **** piety under Dithmenos
  2846 | D:4      | Reached skill level 1 in Armour
  3191 | D:5      | Entered Level 5 of the Dungeon
  3232 | D:5      | Got an ancient leather armour
  3248 | D:5      | Reached skill level 5 in Dodging
  3248 | D:5      | Reached skill level 1 in Evocations
  3248 | D:5      | Reached XP level 7. HP: 61/61 MP: 6/6
  3307 | D:5      | Reached skill level 1 in Invocations
  3853 | D:5      | Reached skill level 5 in Maces & Flails
  4160 | D:6      | Noticed a two-headed ogre
  4437 | D:6      | Reached XP level 8. HP: 66/70 MP: 8/8
  4547 | D:6      | Reached skill level 6 in Fighting
  4809 | D:6      | Slain by a two-headed ogre

Illustrated notes

Levels and vault maps discovered:
D:1:      dpeg_arrival_round_b, layout_loops_cross, serial_bayou_pond_c
D:2:      layout_basic, lemuel_doored_altar,
          chequers_ecumenical_altar_simple_redux, uniq_sigmund
D:3:      layout_rooms, minmay_quantized
D:4:      layout_loops_ring, minmay_temple_entry_nine_rooms
D:5:      layout_gridville
D:6:      layout_basic

Skill      XL: |  1  2  3  4  5  6  7  8 |
---------------+-------------------------+-----
Maces & Flails | 1 3 4 5 |  5.8
Fighting       | 4 5 6 |  6.1
Stealth        | 2 3 4 |  4.0
Dodging        | 4 5 |  5.5
Armour         | 1 2 |  2.8
Evocations     | 1 2 |  2.1
Invocations    | 2 |  2.4
Long Blades    | |  3.6

Action                   |  1- 3 |  4- 6 |  7- 9 || total
-------------------------+-------+-------+-------++-------
Melee: Whip              |    52 |   153 |   113 ||   318
       Headbutt          |    14 |    37 |    31 ||    82
       Mace              |       |       |     4 ||     4
  Use: Scroll            |     4 |     1 |       ||     5
       Potion            |       |       |     3 ||     3
 Stab: Sleeping          |     4 |    10 |     2 ||    16
       Distracted        |     1 |       |       ||     1
Armor: Robe              |     9 |       |       ||     9
       Ring mail         |       |    39 |    26 ||    65
Dodge: Dodged            |    28 |   111 |    84 ||   223
